 Dungeon Crawl Stone Soup version 0.24-a0-439-g6dd8730de2 (webtiles) character file.

Game seed: 4330749121598205056

113 Nattfarinn the Caller (level 4, -3/24 HPs)
             Began as a Tengu Summoner on June 18, 2019.
             Slain by a goblin
             ... wielding a +0 dagger
             ... led by Robin
              (5 damage)
             ... on level 3 of the Dungeon.
             The game lasted 00:06:58 (2304 turns).

Nattfarinn the Caller (Tengu Summoner)              Turns: 2304, Time: 00:06:59

Health: -3/24      AC:  2    Str:  9    XL:     4   Next: 96%
Magic:  3/9        EV: 13    Int: 16    God:
Gold:   164        SH:  0    Dex: 14    Spells: 5/8 levels left

rFire    . . .     SeeInvis .   e - -3 hand axe (curse)
rCold    . . .     Gourm    .   (no shield)
rNeg     . . .     Faith    .   a - +0 robe
rPois    .         Spirit   .   (helmet restricted)
rElec    .         Reflect  .   (no cloak)
rCorr    .         Harm     .   (no gloves)
MR       .....                  (boots unavailable)
Stlth    ++........             (no amulet)
HPRegen  0.08/turn              (no ring)
MPRegen  0.11/turn              (no ring)

@: about to teleport
A: beak, talons 3
a: no special abilities


You were on level 3 of the Dungeon.
You were hungry.

You visited 1 branch of the dungeon, and saw 3 of its levels.

You collected 164 gold pieces.

Inventory:

Hand Weapons
 d - a +1 dagger of venom
 e - a cursed -3 hand axe (weapon)
Armour
 a - a +0 robe (worn)
Wands
 b - a wand of polymorph (10)
Scrolls
 i - a scroll of identify
 m - a scroll of blinking {unknown}
Potions
 f - 2 potions of agility
 h - a potion of curing
 j - 2 potions of lignification
 k - a potion of invisibility {unknown}
Comestibles
 c - 4 rations
 g - 3 chunks of flesh


   Skills:
 + Level 3.3 Dodging
 - Level 2.0 Stealth
 + Level 2.8 Spellcasting
 * Level 6.2 Summonings


You had 5 spell levels left.
You knew the following spells:

 Your Spells              Type           Power        Failure   Level  Hunger
a - Summon Small Mammal   Summ           ###.         1%          1    #......
b - Call Imp              Summ           ###.....     2%          2    ##.....

Your spell library contained the following spells:

 Spells                   Type           Power        Failure   Level  Hunger
 Call Canine Familiar     Summ           ###.....     4%          3    ###....
 Summon Guardian Golem    Hex/Summ       ##......     16%         3    ###....
 Summon Ice Beast         Ice/Summ       ##......     47%         4    #####..
 Summon Lightning Spire   Summ/Air       ##......     47%         4    #####..


Dungeon Overview and Level Annotations

Branches:
Dungeon (3/15)

Altars:
Dithmenos

Annotations:
D:3 Robin


Innate Abilities, Weirdness & Mutations

You have a beak for a mouth.
You have claws for feet.


Message History

The goblin hits you with a cursed -2 dagger.
The goblin hits you with a +0 dagger.
Your crimson imp barely misses the goblin.
Your shadow imp misses the goblin.
Casting: Call Imp (safe; 2% risk of failure)
Confirm with . or Enter, or press ? or * to list all spells.
A beastly little devil appears in a puff of frigid air.
Your crimson imp disappears in a puff of smoke!
Robin roars a battlecry!
The goblins go into a battle-frenzy!
A goblin comes into view.
The goblin barely misses you.
The goblin hits you with a cursed -2 dagger.
The goblin hits you with a +0 dagger.
* * * LOW HITPOINT WARNING * * *
Your shadow imp gestures at the goblin.
The goblin barely resists.
Robin throws the goblin at you! The goblin barely misses you. x2
The goblin hits you with a +0 dagger.
You die...

# .#g# #. ##.#. #
#.###... .##
#...#.g#####..
#....†)#....# #g##....#
# #.##....#
#..##g##....#
#...§g@....[#
#....gg.....#
#.#..5.5......#
#.#......5....#
########.............#
#............####.5..#
##..........#.........#
........).###..##.#.###
#..............#....#


You could see Robin, 4 goblins, 2 friendly crimson imps, a friendly white imp
and a friendly shadow imp.

Vanquished Creatures
  A worm (D:3)
  2 dart slugs
  A giant cockroach (D:1)
  2 goblins
  2 hobgoblins (D:1)
  3 kobolds
  A ball python (D:1)
  2 rats
14 creatures vanquished.

Vanquished Creatures (collateral kills)
  Crazy Yiuf (D:2)
  Terence (D:2)
  Natasha (thrice) (D:3)
  An ooze (D:2)
  2 leopard geckos (D:3)
  6 bats
  A giant cockroach (D:2)
  9 goblins
  3 hobgoblins
  3 jackals (D:1)
  A kobold (D:3)
  A quokka (D:2)
  3 frilled lizards
  A rat (D:3)
36 creatures vanquished.

Grand Total: 50 creatures vanquished

Notes
Turn   | Place    | Note
-------+----------+-------------------------------------------
     0 | D:1      | Nattfarinn the Tengu Summoner began the quest for the Orb.
     0 | D:1      | Reached XP level 1. HP: 10/10 MP: 4/4
   239 | D:1      | Reached skill level 5 in Summonings
   438 | D:1      | Reached XP level 2. HP: 15/15 MP: 1/6
   772 | D:1      | Learned a level 2 spell: Call Imp
   802 | D:2      | Noticed Terence
   819 | D:2      | Killed Terence
   819 | D:2      | Reached XP level 3. HP: 19/19 MP: 1/7
  1179 | D:2      | Found a runed translucent door.
  1180 | D:2      | Noticed Crazy Yiuf
  1507 | D:2      | Killed Crazy Yiuf
  1507 | D:2      | Reached XP level 4. HP: 24/24 MP: 0/8
  1619 | D:3      | Found a shadowy altar of Dithmenos.
  1705 | D:3      | Noticed Natasha
  1718 | D:3      | Killed Natasha
  1718 | D:3      | Reached skill level 6 in Summonings
  1765 | D:3      | Noticed Natasha
  1783 | D:3      | Killed Natasha
  1948 | D:3      | Noticed Natasha
  1952 | D:3      | Killed Natasha
  2290 | D:3      | Noticed Robin
  2304 | D:3      | Slain by a goblin

Levels and vault maps discovered:
D:1:      tarquinn_simple_flora_water_f, layout_basic, minmay_pentomino_p4
D:2:      layout_loops_cross, uniq_terence, uniq_crazy_yiuf_cottage
D:3:      layout_basic, nicolae_dithmenos_shadow_blocks, uniq_natasha,
          uniq_robin

Skill      XL: |  1  2  3  4 |
---------------+-------------+-----
Summonings     | 5 6 |  6.2
Dodging        | 3 |  3.3
Stealth        | |  2.0
Spellcasting   | |  2.8

Action                   |  1- 3 |  4- 6 || total
-------------------------+-------+-------++-------
Melee: Unarmed           |     7 |       ||     7
       Kick              |     7 |     3 ||    10
       Peck              |     6 |     1 ||     7
       Hand axe          |    29 |    15 ||    44
 Cast: Summon Small Mamm |    23 |       ||    23
       Call Imp          |    16 |    16 ||    32
  Use: Scroll            |     5 |     2 ||     7
       Potion            |     1 |       ||     1
 Stab: Sleeping          |     1 |       ||     1
  Eat: Chunk             |     3 |     3 ||     6
Armor: Robe              |    17 |     3 ||    20
Dodge: Dodged            |    54 |    22 ||    76

Table legend:
 A = Non-vault XP
 B = Vault XP
 C = Vault XP percentage of total XP
 D = Non-vault monster count
 E = Vault monster count
 F = Vault count percentage of total count
                 A         B        C        D         E       F
            +---------+---------+-------+---------+---------+-------
      Total |      99 |      63 |  38.9 |      41 |       9 |  18.0
            +---------+---------+-------+---------+---------+-------
        D:1 |      23 |       5 |  17.9 |      17 |       4 |  19.0
        D:2 |      20 |      38 |  65.5 |      14 |       2 |  12.5
        D:3 |      56 |      20 |  26.3 |      10 |       3 |  23.1
            +---------+---------+-------+---------+---------+-------
